 Dungeon Crawl Stone Soup version 0.11-a0-1046-gf524a84 (console) character file.

245 vogonpoet the Changer (level 5, -1/33 HPs)
             Began as a Sludge Elf Transmuter on Apr 10, 2012.
             Slain by an orc
             ... wielding a +0,+1 orcish hand axe
              (3 damage)
             ... on Level 3 of the Dungeon.
             The game lasted 00:10:14 (3520 turns).

vogonpoet the Changer (Sludge Elf Transmuter)       Turns: 3520, Time: 00:10:14

HP  -1/33        AC  2     Str 10      XL: 5   Next: 18%
MP   8/10        EV 13     Int 16      God:
Gold 109         SH  0     Dex 14      Spells:  3 memorised,  2 levels left

Res.Fire  : . . .   See Invis. : .     - Unarmed
Res.Cold  : . . .   Warding    : . . c - +0 elf robe
Life Prot.: . . .   Conserve   : .   (no shield)
Res.Acid. : . . .   Res.Corr.  : .   (no helmet)
Res.Poison: .       Clarity    : .   (no cloak)
Res.Elec. : .       Spirit.Shd : .   (no gloves)
Sust.Abil.: . .     Stasis     : .   (boots unavailable)
Res.Mut.  : .       Ctrl.Telep.: .   (no amulet)
Res.Rott. : .       Levitation : .   (no ring)
Saprovore : . . .   Ctrl.Flight: .   (no ring)

@: appendage, slightly resistant to hostile enchantments, unstealthy
A: talons 3
a: End Transformation


You were on level 3 of the Dungeon.
You were not hungry.
You had grown temporary talons.
You visited 1 branch of the dungeon, and saw 3 of its levels.

You collected 89 gold pieces.

Inventory:

Hand weapons
 l - a +1,+1 dagger of venom
 u - a +0,+3 spear
 y - a +3,+1 elven dagger
Missiles
 b - 12 +0 arrows
 n - 7 curare-tipped +0 needles
 o - 7 +0 darts
 r - 8 +0 javelins
 x - 2 silver +0 darts (quivered)
 E - 14 poisoned +0 needles
Armour
 c - a +0 elven robe (worn)
 j - a +2 elven robe
Magical devices
 G - a wand of lightning (7) {unknown}
Comestibles
 a - 6 bread rations
 C - a rotting chunk of bat flesh
 D - a pear
 F - a rotting chunk of bat flesh
 H - a meat ration
Scrolls
 h - 2 scrolls of blinking {unknown}
 i - a scroll of teleportation {unknown}
 m - a scroll of enchant weapon I {unknown}
 q - a scroll of amnesia {unknown}
 s - 3 scrolls of identify {unknown}
 t - a scroll of recharging {unknown}
 w - 2 scrolls of curse armour {unknown}
Jewellery
 B - an uncursed ring of regeneration {unknown}
Potions
 e - a potion of cure mutation {unknown}
 f - 2 potions of curing {unknown}
 g - a potion of agility {unknown}
 k - 2 potions of heal wounds {unknown}
 p - 2 potions of restore abilities {unknown}
 v - a potion of degeneration {unknown}
 z - a potion of blood {unknown}
 A - a potion of might {unknown}
 I - 2 potions of mutation {unknown}
Books
 d - a book of Changes

   Spells                             Type                      Level
   *Beastly Appendage                 Transmutation                1
   *Sticks to Snakes                  Transmutation                2
   *Spider Form                       Transmutation/Poison         3
   Ice Form                           Ice/Transmutation            4
   Blade Hands                        Transmutation                5


   Skills:
 - Level 1.1 Fighting
 - Level 2.4 Dodging
 - Level 5.0 Unarmed Combat
 - Level 2.4 Spellcasting
 + Level 5.2 Transmutations


You had 2 spell levels left.
You knew the following spells:

 Your Spells              Type           Power        Failure   Level  Hunger
a - Beastly Appendage     Trmt           ####...      2%          1    Sultana
b - Sticks to Snakes      Trmt           ####......   4%          2    Choko
c - Spider Form           Trmt/Pois      ###.......   21%         3    Honeycomb

Dungeon Overview and Level Annotations

Branches:
Dungeon (3/27)

Altars:


Innate Abilities, Weirdness & Mutations

You have claws for feet.*


Message History

You hit the orc but do no damage. You claw the orc.
The orc is almost dead.
You closely miss the orc.
The orc is almost dead.
The orc hits you with an orcish hand axe.
* * * LOW HITPOINT WARNING * * *
You hit the orc but do no damage.
The orc is almost dead.
The orc hits you but does no damage.
You barely miss the orc. Your punch misses the orc.
The orc is almost dead.
The orc closely misses you.
You closely miss the orc.
The orc is almost dead.
The orc hits you with an orcish hand axe.
* * * LOW HITPOINT WARNING * * *
You barely miss the orc.
The orc is almost dead.
The orc hits you with an orcish hand axe.
You die...

########.#.#### #.#....#
######## #.#....#
.......# ###'#....#
.......# #......###
.......# #......#
ff.....# #...(..#
%......#######.#o##
...........(...#@#
..###.##########(# ..#
#.#........#.# ###
#.#o######.#.#
#.#.#<...#.#)#
#.#......#.#.#######
#.########.#.......#
#..........#.......#
################.......#


You could see an orc.

Vanquished Creatures
  An orc priest (D:3)
  An orc wizard (D:3)
  A worm (D:2)
  2 giant geckos (D:3)
  2 orcs (D:3)
  3 giant cockroaches
  8 goblins
  9 hobgoblins
  2 jackals (D:2)
  19 kobolds
  2 ball pythons
  12 bats
  2 giant newts
  6 rats
70 creatures vanquished.

Vanquished Creatures (others)
  A kobold (D:2)
  7 toadstools
8 creatures vanquished.

Grand Total: 78 creatures vanquished

Notes
Turn   | Place    | Note
--------------------------------------------------------------
     0 | D:1      | vogonpoet, the Sludge Elf Transmuter, began the quest for the Orb.
     0 | D:1      | Reached XP level 1. HP: 13/13 MP: 1/1
   338 | D:1      | Killed monsters: 0 trivial, 6 easy, 0 tough, 0 nasty; 2 corpses
   338 | D:1      | Reached XP level 2. HP: 16/18 MP: 0/4
   366 | D:1      | Learned a level 2 spell: Sticks to Snakes
   415 | D:1      | Reached skill level 4 in Unarmed Combat
  1311 | D:2      | Killed monsters: 7 trivial, 9 easy, 0 tough, 0 nasty; 8 corpses
  1311 | D:2      | Reached XP level 3. HP: 20/23 MP: 5/5
  1954 | D:2      | Reached skill level 5 in Unarmed Combat
  1963 | D:2      | Learned a level 3 spell: Spider Form
  2153 | D:2      | Killed monsters: 25 trivial, 1 easy, 0 tough, 0 nasty; 13 corpses
  2153 | D:2      | Reached XP level 4. HP: 20/28 MP: 5/7
  3504 | D:3      | Reached skill level 5 in Transmutations
  3504 | D:3      | Killed monsters: 17 trivial, 4 easy, 2 tough, 0 nasty; 10 corpses
  3504 | D:3      | Reached XP level 5. HP: 16/33 MP: 7/10
  3520 | D:3      | Slain by an orc
  3520 | D:3      | Killed monsters: 0 trivial, 0 easy, 0 tough, 0 nasty; 0 corpses
